 Dungeon Crawl Stone Soup version 0.29.1-12-g30fa7ad0bf (webtiles) character file.

Game seed: 8807622886482861943

14237 FexLirch the Bludgeoner (level 12, -4/106 HPs)
             Began as a Meteoran Abyssal Knight on Dec 24, 2022.
             Was a Priest of Lugonu.
             Slain by a hornet (9 damage)
             ... while paralysed by a hornet
             ... on level 10 of the Dungeon.
             The game lasted 00:49:33 (5391 turns).

FexLirch the Bludgeoner (Meteoran Abyssal Knight)   Turns: 5391, Time: 00:49:34

Health: -4/106     AC:  5    Str: 19      XL:     12   Next: 76%
Magic:  21/21      EV:  2    Int: 14      God:    Lugonu [***...]
Gold:   43         SH:  0    Dex: 19 (20) Spells: 11/11 levels left

rFire   . . .      SeeInvis .   Y - +3 morningstar
rCold   . . .      Faith    .   P - +0 kite shield
rNeg    . . .      Spirit   .   (no body armour)
rPois   .          Reflect  +   T - +1 hat
rElec   .          Harm     .   j - +0 cloak
rCorr   .          Rampage  .   z - +0 pair of gloves
Will    ++...                   i - +0 pair of boots
Stlth   +.........              u - amulet of reflection
HPRegen 0.27/turn               c - +6 ring of dexterity
MPRegen 0.17/turn               m - ring of willpower

@: paralysed, lethally poisoned (-4 -> -10), slowed, glowing
A: sense surroundings 2, otherworldly, glowing, explore regen
a: Renounce Religion, Depart the Abyss, Bend Space, Banish


You were on level 10 of the Dungeon.
You worshipped Lugonu.
Lugonu was most pleased with you.
You visited 1 branch of the dungeon, and saw 11 of its levels.
You visited the Abyss 1 time.
You also visited: Ossuary.

You collected 444 gold pieces.
You spent 401 gold pieces at shops.

Inventory:

Hand Weapons
 a - a +2 mace
 R - a +0 shortbow
 Y - a +3 morningstar (weapon)
Missiles
 y - 4 javelins (quivered)
 A - 3 curare-tipped darts
 M - 18 poisoned darts
 S - 6 atropa-tipped darts
Armour
 b - a +0 leather armour
 i - a +0 pair of boots (worn)
 j - a +0 cloak (worn)
 s - a +0 chain mail
 z - a +0 pair of gloves (worn)
 B - the +0 leather armour "Inuex" {+Blink rElec rC+ Int-3}
   (You bought it in a shop on level 6 of the Dungeon)

   Int:       It affects your intelligence (-3).
   rC:        It protects you from cold.
   rElec:     It insulates you from electricity.
   +Blink:    It lets you blink.
 G - a +0 troll leather armour
 K - a +0 buckler
 P - a +0 kite shield (worn)
 T - a +1 hat (worn)
Magical Staves
 o - a staff of earth
 q - a staff of death
Jewellery
 c - a +6 ring of dexterity (left hand)
 m - a ring of willpower (right hand)
 u - an amulet of reflection (around neck)
 J - a ring of resist corrosion
Wands
 H - a wand of roots (4)
 I - a wand of light (13)
Scrolls
 e - 4 scrolls of blinking
 f - 2 scrolls of butterflies
 g - a scroll of noise
 n - 4 scrolls of teleportation
 w - a scroll of immolation {unknown}
 x - a scroll of enchant armour {unknown}
 D - 2 scrolls of vulnerability
 L - a scroll of fear {unknown}
 N - a scroll of silence {unknown}
 W - a scroll of magic mapping {unknown}
Potions
 h - 4 potions of curing
 k - a potion of degeneration {unknown}
 l - a potion of cancellation {unknown}
 p - 3 potions of flight
 r - a potion of resistance {unknown}
 v - 4 potions of attraction
 C - 2 potions of mutation
 E - 4 potions of ambrosia
 F - 2 potions of brilliance
 O - a potion of magic
 Q - a potion of lignification
 V - a potion of haste
 X - a potion of might {unknown}
Miscellaneous
 U - a tin of tremorstones (2/2)


   Skills:
 + Level 10.2 Fighting
 * Level 16.0 Maces & Flails
 - Level 9.6 Armour
 + Level 3.7 Dodging
 + Level 1.2 Shields
 + Level 11.5 Invocations


You had 11 spell levels left.
You didn't know any spells.
Your spell library contained the following spells:

 Spells                   Type           Power      Damage    Failure   Level
 Necrotise                Necr           0%         1d4       69%         1
 Shock                    Conj/Air       0%         1d3       69%         1
 Swiftness                Air            0%         N/A       96%         3
 Vampiric Draining        Necr           0%         2d6       96%         3
 Airstrike                Air            0%         2d(0-16)  100%        4
 Agony                    Necr           0%         N/A       100%        5
 Fireball                 Conj/Fire      0%         3d3       100%        5
 Starburst                Conj/Fire      0%         6d3       100%        6
 Ignition                 Fire           0%         3d3       100%        8


Dungeon Overview and Level Annotations

Branches:
Dungeon (11/15) Zot: 1877  Temple (0/1) D:7            Lair (0/5) D:9
Ossuary (visited)
    Orc: D:9-12

Altars:
Elyvilon
Hepliaklqana
Makhleb
Okawaru
Ru
Uskayaw
Wu Jian

Shops:
D:6 [   D:9 ?

Annotations:
D:7 4 runed translucent doors


Innate Abilities, Weirdness & Mutations

You passively map the area around you.
You are easily found by Zot.
You glow in the dark.
You regain HP and MP as you explore.


Message History

You feel very sick. The hornet barely misses you.
The hornet closely misses you.
You hit the hornet but do no damage.
The hornet is almost dead.
You feel sick. You block the hornet's attack. The hornet stings you!
* * * LOW HITPOINT WARNING * * *
You feel as though you will be slow longer.
You hit the hornet but do no damage.
The hornet is almost dead.
You feel sick. You block the hornet's attack. The hornet misses you.
You barely miss the hornet.
The hornet is almost dead.
You feel sick. The hornet barely misses you. The hornet closely misses you.
You barely miss the hornet.
The hornet is almost dead.
You feel sick. You block the hornet's attack. The hornet stings you!
* * * LOW HITPOINT WARNING * * *
You feel as though you will be slow longer.
Okay, then.
Unknown command.
Unknown command.
You closely miss the hornet.
The hornet is almost dead.
You feel sick. You block the hornet's attack. The hornet stings you!
* * * LOW HITPOINT WARNING * * *
You feel as though you will be slow longer.
You feel much better.
You feel sick.
You are no longer poisoned.
The hornet stings you but does no damage.
The hornet stings you!
* * * LOW HITPOINT WARNING * * *
You are poisoned.
You suddenly lose the ability to move!
* * * LOW HITPOINT WARNING * * *
You feel very sick. The hornet stings you.
* * * LOW HITPOINT WARNING * * *
You feel as though you will be slow longer.
The hornet stings you!
You die...

.#.# * ** *, , .#.#
..........?# .#.#
#,#.......... ...#
#.#........., *** .###
###.#........, ,, .#
#........?.. ,* .##
#.......... ,, ..#
#.......y[# , ..#
#........@# , , ..#
##.........#
>.#####..........#, , *
,, ..^...#.###......#..,
*** ....#...#
#.........., ** *
......#>###......#.... ,,
,
..#####.....##..##....,**
, ..# ###...##..# ### *
..# #....#..# *


You could see a hornet.

Vanquished Creatures
  A two-headed ogre (D:8)
  2 trolls
  Grinder (D:5)
  4 slime creatures
  2 yaks
  A basilisk (D:11)
  5 wyverns
  A wraith (Ossuary)
  A hog (D:8)
  A steam dragon (D:7)
  An acid dragon (D:8)
  A water moccasin (D:8)
  2 sky beasts
  11 black bears (D:8)
  2 ice beasts
  2 orc warriors
  An ogre (D:6)
  A centaur (D:8)
  A wolf (D:9)
  7 kobold brigands
  9 bullfrogs
  2 necrophages
  2 gnoll sergeants (D:8)
  3 scorpions
  3 wights
  2 water moccasin zombies (Ossuary)
  3 killer bees
  3 electric eels (D:8)
  A howler monkey (D:9)
  2 bullfrog zombies (Ossuary)
  2 centaur zombies (Ossuary)
  A quasit (D:11)
  A jelly (D:6)
  7 orc priests
  4 hounds
  2 gnoll boudas (D:8)
  Crazy Yiuf (D:2)
  An iguana (D:6)
  6 orc wizards
  A scorpion zombie (Ossuary)
  An ogre zombie (Ossuary)
  5 gnolls
  2 adders
  2 shadow imps
  A white imp (D:5)
  An ufetubus (D:7)
  An adder zombie (Ossuary)
  2 dart slugs
  19 orcs
  8 bats
  8 endoplasms
  A giant cockroach (D:3)
  8 goblins
  4 hobgoblins
  3 jackals (D:4)
  11 kobolds
  3 quokkas
  2 ball pythons
  3 gnoll zombies (Ossuary)
  2 goblin zombies (Ossuary)
  3 hobgoblin zombies (Ossuary)
  An orc zombie (Ossuary)
  2 rats
197 creatures vanquished.

Vanquished Creatures (collateral kills)
  A troll (D:9)
  3 yaks (D:9)
  A steam dragon (D:9)
  2 ice beasts (D:9)
  2 wolves (D:9)
  2 wights (D:9)
  5 killer bees (D:9)
  3 howler monkeys (D:9)
  2 hounds (D:9)
  An orc priest (D:9)
  An orc wizard (D:9)
  A howler monkey simulacrum (D:9)
  An ufetubus (D:9)
  2 goblins (D:9)
27 creatures vanquished.

Vanquished Creatures (others)
  66 plants
66 creatures vanquished.

Grand Total: 290 creatures vanquished

Notes
Turn   | Place    | Note
-------+----------+-------------------------------------------
     0 | Abyss:1  | FexLirch the Meteoran Abyssal Knight began the quest for
                  | the Orb.
     0 | Abyss:1  | Reached XP level 1. HP: 19/19 MP: 3/3
    65 | D:1      | Escaped the Abyss
   123 | D:1      | Reached XP level 2. HP: 22/26 MP: 4/4
   185 | D:1      | Reached skill level 3 in Maces & Flails
   303 | D:1      | Reached XP level 3. HP: 26/31 MP: 6/6
   391 | D:2      | Found a runed translucent door.
   392 | D:2      | Noticed Crazy Yiuf
   404 | D:2      | Killed Crazy Yiuf
   405 | D:2      | Reached skill level 4 in Maces & Flails
   405 | D:2      | Reached XP level 4. HP: 18/40 MP: 5/7
   469 | D:1      | Found a faded altar of an unknown god.
   737 | D:3      | Reached *** piety under Lugonu
   841 | D:4      | Reached XP level 5. HP: 19/46 MP: 8/8
   911 | D:4      | Noticed an ogre
   939 | D:4      | Reached skill level 5 in Maces & Flails
  1159 | D:4      | Reached XP level 6. HP: 53/53 MP: 9/9
  1172 | D:5      | Entered Level 5 of the Dungeon
  1326 | D:4      | Found a hazy altar of Hepliaklqana.
  1471 | D:6      | Found Ziab's Antique Armour Shoppe.
  1505 | D:6      | Reached skill level 6 in Maces & Flails
  1526 | D:6      | Reached XP level 7. HP: 38/60 MP: 11/11
  1642 | D:5      | Noticed Grinder
  1644 | D:5      | Paralysed by Grinder for 3 turns
  1657 | D:5      | Killed Grinder
  1658 | D:5      | Reached skill level 5 in Fighting
  1658 | D:5      | Reached skill level 7 in Maces & Flails
  1658 | D:5      | Reached skill level 5 in Invocations
  1658 | D:5      | Reached XP level 8. HP: 58/68 MP: 12/12
  1735 | D:7      | Found a large runed translucent door.
  1735 | D:7      | Found a large runed translucent door.
  1873 | D:7      | Reached skill level 8 in Maces & Flails
  1928 | D:6      | Bought a masterwork leather armour for 161 gold pieces
  1928 | D:6      | Identified the +0 leather armour "Inuex" {+Blink rElec rC+
                  | Int-3} (You bought it in a shop on level 6 of the Dungeon)
  1975 | D:7      | Found a large runed translucent door.
  1976 | D:7      | Found a large runed translucent door.
  1979 | D:7      | Noticed a troll
  1979 | D:7      | Noticed a skeletal warrior
  2005 | D:7      | Found a staircase to the Ecumenical Temple.
  2086 | D:7      | Found a sand-covered staircase.
  2096 | Ossuary  | Entered an ossuary
  2121 | Ossuary  | Reached **** piety under Lugonu
  2220 | Ossuary  | Reached skill level 5 in Armour
  2220 | Ossuary  | Gained mutation: You passively map the area around you.
                  | [Meteoran growth]
  2220 | Ossuary  | Reached XP level 9. HP: 56/75 MP: 14/14
  2230 | Ossuary  | Reached skill level 9 in Maces & Flails
  2481 | Ossuary  | Noticed a silent spectre
  2586 | Ossuary  | Glimpsed the power of Zot.
  2714 | D:6      | Reached skill level 10 in Maces & Flails
  2753 | D:6      | Found an ornate altar of the Wu Jian Council.
  2753 | D:6      | Found a sacrificial altar of Ru.
  2758 | D:6      | Found a burning altar of Makhleb.
  2760 | D:6      | Found a white marble altar of Elyvilon.
  2763 | D:6      | Found an iron altar of Okawaru.
  2767 | D:6      | Found a hide-covered altar of Uskayaw.
  3120 | D:7      | Reached XP level 10. HP: 54/86 MP: 16/16
  3120 | D:7      | Noticed a cyclops
  3204 | D:8      | Reached skill level 11 in Maces & Flails
  3220 | D:8      | Noticed a two-headed ogre
  3223 | D:8      | Banished a two-headed ogre
  3257 | D:8      | Noticed a two-headed ogre
  3297 | D:8      | Found a sacrificial altar of Ru.
  3312 | D:8      | Killed a two-headed ogre
  3313 | D:8      | Reached skill level 12 in Maces & Flails
  3407 | D:8      | Noticed a two-headed ogre
  3422 | D:8      | Banished a two-headed ogre
  3423 | D:8      | Reached XP level 11. HP: 43/94 MP: 9/18
  3477 | D:8      | Noticed a manticore
  3479 | D:8      | Banished a manticore
  3480 | D:8      | Reached skill level 13 in Maces & Flails
  3870 | D:8      | Reached skill level 10 in Invocations
  3871 | D:8      | Reached skill level 14 in Maces & Flails
  4245 | D:8      | HP: 2/97 [gnoll sergeant/+1 spear of flaming (4)]
  4527 | D:8      | Reached XP level 12. HP: 86/105 MP: 20/20
  4686 | D:9      | Found a staircase to the Lair.
  4728 | D:9      | Reached skill level 15 in Maces & Flails
  4901 | D:9      | Found Ulaosmis's Magic Scroll Shop.
  4910 | D:9      | Bought a scroll of teleportation for 48 gold pieces
  4910 | D:9      | Bought a scroll of identify for 32 gold pieces
  4910 | D:9      | Bought a scroll of identify for 32 gold pieces
  4910 | D:9      | Bought a scroll of identify for 32 gold pieces
  4910 | D:9      | Bought a scroll of identify for 32 gold pieces
  4910 | D:9      | Bought 2 scrolls of identify for 64 gold pieces
  5027 | D:9      | Reached skill level 10 in Fighting
  5175 | D:10     | Entered Level 10 of the Dungeon
  5307 | D:11     | Reached skill level 16 in Maces & Flails
  5307 | D:11     | Reached skill level 1 in Shields
  5353 | D:11     | Noticed a sun demon
  5389 | D:10     | HP: 3/106 [hornet (9)]
  5390 | D:10     | Paralysed by a hornet for 2 turns
  5391 | D:10     | Slain by a hornet

Illustrated notes

Levels and vault maps discovered:
D:1:      lightli_arrival_lavapool, layout_rooms,
          ebering_ecumenical_altar_abandoned, grunt_decor_cap,
          kennysheep_doodads, roderic_serpentine_path
D:2:      layout_basic, basic_altar, minmay_misc_feat_cross,
          minmay_tetromino_i4, uniq_robin, uniq_crazy_yiuf_cottage
D:3:      layout_loops_ring, gammafunk_ghost_nasty_kobolds
D:4:      layout_basic, nzn_hepliaklqana_mist_gate,
          chequers_serial_rivers_small_3
D:5:      layout_basic, serial_shops, nicolae_square_shop, uniq_grinder
D:6:      layout_basic, nicolae_overflow_hallway_of_the_gods,
          gammafunk_ghost_grave, serial_shops, shop
D:7:      layout_basic, minmay_temple_entry_gardened_gates,
          lightli_ossuary_entry_decrepit_ruins, minmay_hollow_rounded_squares
D:8:      kennysheep_town, serial_shops
D:9:      layout_cave_pools, erik_lair_island, enter_bailey_5, serial_ice,
          serial_ice_d, serial_ice_g, serial_ice_a, serial_ice_n, serial_shops,
          nicolae_lakefront_shop
D:10:     layout_loops_cross, minivault_5, chequers_avenue, chequers_jeans
D:11:     layout_roguey, serial_demonic, serial_demonic_c, serial_demonic_c,
          serial_demonic_d, serial_demonic_a, serial_demonic_d,
          serial_demonic_a, serial_demonic_d, minmay_the_grid_2x2
          [minmay_the_grid_paths, minmay_the_grid_plusring,
          minmay_the_grid_box_x, minmay_the_grid_prize_four_corners]

Skill      XL: |  1  2  3  4  5  6  7  8  9 10 11 12 |
---------------+-------------------------------------+-----
Maces & Flails | 3 4 5 6 7 8 10 12 14 16 | 16.0
Fighting       | 4 5 7 8 9 10 | 10.2
Invocations    | 3 4 5 6 7 9 10 11 | 11.5
Armour         | 3 5 6 7 9 |  9.6
Dodging        | 3 |  3.7
Shields        | 1 |  1.2

Action                   |  1- 3 |  4- 6 |  7- 9 | 10-12 || total
-------------------------+-------+-------+-------+-------++-------
Melee: Mace              |    46 |   159 |   330 |   559 ||  1094
       Punch             |     1 |     2 |     5 |    11 ||    19
       Morningstar       |       |       |       |    30 ||    30
Throw: Javelin           |       |       |     8 |       ||     8
       Dart              |       |       |       |     1 ||     1
Invok: Bend Space        |     1 |     1 |     1 |    28 ||    31
       Banish            |       |       |     1 |    32 ||    33
Evoke: Wand              |       |       |       |     2 ||     2
  Use: Scroll            |       |     2 |       |    18 ||    20
       Potion            |       |       |       |     8 ||     8
Armor: Leather armour    |    20 |    50 |       |       ||    70
       Chain mail        |       |    40 |   168 |   264 ||   472
       Skin              |       |       |       |    23 ||    23
Dodge: Dodged            |    24 |    59 |    86 |   198 ||   367
Block: Other             |       |    16 |    70 |   123 ||   209
       Reflection        |       |       |     1 |     6 ||     7
       Kite shield       |       |       |       |    27 ||    27
